 Dungeon Crawl Stone Soup version 0.27-a0-1196-g3e9cee4cb2 (webtiles) character file.

Game seed: 5030700893595694134

681 bilbop the Covered (level 7, -7/61 HPs)
             Began as a Minotaur Fighter on May 28, 2021.
             Engulfed by a steam dragon's steam (11 damage)
             ... on level 5 of the Dungeon on May 29, 2021.
             The game lasted 00:12:28 (4210 turns).

bilbop the Covered (Minotaur Fighter)               Turns: 4210, Time: 00:12:28

Health: -7/61      AC:  8    Str: 21    XL:     7   Next: 34%
Magic:  9/9        EV:  8    Int:  6    God:
Gold:   265        SH: 10    Dex: 10    Spells: 10/10 levels left

rFire    . . .     SeeInvis .   s - +2 flail (holy)
rCold    . . .     Faith    .   c - +0 kite shield
rNeg     . . .     Spirit   .   b - +0 scale mail
rPois    .         Reflect  .   x - +0 hat
rElec    .         Harm     .   (no cloak)
rCorr    .         Rampage  .   q - +0 pair of gloves
Will     +....                  (no boots)
Stlth    ..........             (no amulet)
HPRegen  0.20/turn              f - ring of willpower
MPRegen  0.11/turn              (no ring)

@: no status effects
A: horns 2, retaliatory headbutt
a: no special abilities


You were on level 5 of the Dungeon.
You visited 1 branch of the dungeon, and saw 5 of its levels.

You collected 265 gold pieces.

Inventory:

Hand Weapons
 a - a +0 flail
 s - a +2 flail of holy wrath (weapon)
Armour
 b - a +0 scale mail (worn)
 c - a +0 kite shield (worn)
 q - a +0 pair of gloves (worn)
 x - a +0 hat (worn)
Jewellery
 f - a ring of willpower (left hand)
Wands
 v - a wand of polymorph (11)
Scrolls
 e - 3 scrolls of teleportation {unknown}
 i - 2 scrolls of enchant weapon {unknown}
 j - 4 scrolls of identify {unknown}
 k - a scroll of noise {unknown}
 l - a scroll of immolation {unknown}
 m - 3 scrolls of enchant armour {unknown}
 p - a scroll of vulnerability {unknown}
 r - 3 scrolls of magic mapping {unknown}
 u - a scroll of holy word {unknown}
Potions
 d - 3 potions of might
 g - a potion of curing {unknown}
 h - a potion of brilliance {unknown}
 n - 3 potions of lignification {unknown}
 o - 2 potions of heal wounds {unknown}
 t - a potion of flight {unknown}
 w - a potion of degeneration {unknown}


   Skills:
 + Level 5.6 Fighting
 + Level 4.8 Maces & Flails
 + Level 5.6 Armour
 + Level 5.6 Shields
 + Level 2.2 Spellcasting


You had 10 spell levels left.
You didn't know any spells.
Your spell library contained the following spells:

 Spells                   Type           Power      Damage    Failure   Level
 Sting                    Tmut/Pois      0%         1d3       98%         1
 Poisonous Vapours        Pois/Air       0%         N/A       99%         2
 Ignite Poison            Fire/Tmut/Pois 0%         N/A       100%        3
 Mephitic Cloud           Conj/Pois/Air  0%         N/A       100%        3
 Olgreb's Toxic Radiance  Pois           0%         N/A       100%        4


Dungeon Overview and Level Annotations

Branches:
Dungeon (5/15)
 Temple: D:4-7

Altars:

Shops:
D:4 *


Innate Abilities, Weirdness & Mutations

You have a pair of horns on your head.
You reflexively headbutt those who attack you in melee.


Message History

You hear a bark!
You are engulfed in a cloud of scalding steam.
The steam dragon bites you.
The steam dragon claws you but does no damage.
The steam dragon bites you. You block the steam dragon's attack.
You hit the steam dragon but do no damage.
The steam dragon bites you but does no damage.
You block the steam dragon's attack.
You hit the steam dragon. You headbutt the steam dragon.
The steam dragon is moderately wounded.
The steam dragon breathes steam at you. The ball of steam hits you.
The steam dragon bites you but does no damage.
The steam dragon barely misses you.
You hear a bark! x2
You hit the steam dragon.
The steam dragon is moderately wounded.
The steam dragon bites you.
The steam dragon claws you but does no damage.
You sock the steam dragon! Your headbutt misses the steam dragon.
The steam dragon is almost dead.
The steam dragon breathes steam at you. The ball of steam hits you!!
A jackal comes into view.
You hit the steam dragon but do no damage.
The steam dragon is almost dead.
You are engulfed in a cloud of scalding steam.
You block the steam dragon's attack. x2
The steam dragon breathes steam at you. The ball of steam hits you!
* * * LOW HITPOINT WARNING * * *
You hear a bark!
You closely miss the steam dragon.
The steam dragon is almost dead.
You are engulfed in a cloud of scalding steam.
You block the steam dragon's attack. The steam dragon completely misses you.
You barely miss the steam dragon.
The steam dragon is almost dead.
You are engulfed in a cloud of scalding steam.
You die...

#≈.≈###≈.≈###≈...#....
≈§§≈.≈≈≈≈§.≈§≈≈≈.#......
.........[.§§§.§.###....
≈≈§.≈≈≈≈≈.§≈≈≈≈.######÷
#≈.≈###≈.§###≈....#...
#≈.≈ #≈.≈# #≈.....†#.
###≈.≈###§.≈###§.....#<.
§≈≈≈.≈§D§§.§§≈≈§..####.#
......§@§..§...§§.# ....
§≈≈≈.≈§§≈≈.≈≈≈≈§..##....
###≈.≈###≈h≈###≈........
#≈.≈ #≈.§# #≈.##.....
#§. #≈.≈# #§.......#
§≈≈. §≈.≈§§ ...>... ....
...§§§§ ≈≈≈≈ §§§§§§§


You could see a steam dragon (catching breath) and a jackal.

Vanquished Creatures
  A necrophage (D:5)
  An ogre (D:4)
  A phantom (D:5)
  A scorpion (D:5)
  A wyvern skeleton (D:5)
  A centaur zombie (D:4)
  A centaur skeleton (D:4)
  A hound (D:5)
  2 orc wizards
  A howler monkey zombie (D:5)
  4 adders
  A white imp (D:5)
  3 worms
  2 dart slugs (D:1)
  19 orcs
  9 ball pythons
  6 endoplasms
  4 giant cockroaches
  6 goblins
  4 hobgoblins
  14 jackals
  2 quokkas (D:1)
  5 bats
  2 frilled lizards
  5 kobolds
  7 rats
104 creatures vanquished.

Notes
Turn   | Place    | Note
-------+----------+-------------------------------------------
     0 | D:1      | bilbop the Minotaur Fighter began the quest for the Orb.
     0 | D:1      | Reached XP level 1. HP: 19/19 MP: 0/0
   135 | D:1      | Reached XP level 2. HP: 21/27 MP: 1/1
   770 | D:2      | Reached XP level 3. HP: 33/33 MP: 2/2
  1095 | D:2      | Found a faded altar of an unknown god.
  1731 | D:3      | Reached XP level 4. HP: 40/40 MP: 4/4
  1757 | D:3      | Found a glowing drain.
  1800 | D:3      | Reached skill level 1 in Spellcasting
  2917 | D:4      | Reached XP level 5. HP: 47/47 MP: 5/5
  3221 | D:4      | Found Gaudar's General Store.
  3333 | D:4      | Reached XP level 6. HP: 51/55 MP: 7/7
  3435 | D:4      | Reached skill level 5 in Fighting
  3435 | D:4      | Reached skill level 5 in Armour
  3435 | D:4      | Reached skill level 5 in Shields
  3722 | D:5      | Entered Level 5 of the Dungeon
  4005 | D:5      | Reached XP level 7. HP: 50/61 MP: 7/9
  4190 | D:5      | Noticed a steam dragon
  4210 | D:5      | Engulfed by a steam dragon's steam

Illustrated notes

Levels and vault maps discovered:
D:1:      minmay_arrival_up_and_down, layout_rooms, minmay_stone_trees_small,
          minmay_misc_feat_roman
D:2:      layout_basic, hellmonk_ecumenical_altar_heavens_door
D:3:      layout_basic, cheibrodos_sewer_entry_drain
D:4:      layout_basic, serial_shops, kennysheep_mini_moat
D:5:      layout_rooms, minmay_misc_feat_pillars, kennysheep_boxes

Skill      XL: |  1  2  3  4  5  6 |
---------------+-------------------+-----
Fighting       | 4 5 |  5.6
Shields        | 4 5 |  5.6
Armour         | 4 5 |  5.6
Maces & Flails | 3 4 |  4.8
Spellcasting   | 1 2 |  2.2

Action                   |  1- 3 |  4- 6 |  7- 9 || total
-------------------------+-------+-------+-------++-------
Melee: Flail             |   122 |   148 |    19 ||   289
       Headbutt          |    10 |    27 |     3 ||    40
Armor: Scale mail        |    89 |    80 |    10 ||   179
Dodge: Dodged            |    38 |    48 |     5 ||    91
Block: Kite shield       |    75 |    92 |    11 ||   178

Table legend: (Time is in decaauts)
 A = Elapsed time spent in this place.
 B = Non-inter-level travel time spent in this place.
 C = Inter-level travel time spent in this place.
 D = Time resting spent in this place.
 E = Time spent auto-exploring this place.
 F = Levels seen in this place.
 G = Mean time per level.
                   A        B        C        D        E       F      G
               +--------+--------+--------+--------+--------+-----+--------+
         Total |   4343 |   4196 |    147 |    677 |   2818 |   5 |  868.6 |
       Dungeon |   4343 |   4196 |    147 |    677 |   2818 |   5 |  868.6 |
               +--------+--------+--------+--------+--------+-----+--------+

Top non-repeatable levels by time:
     D:3: 1311 daAuts
     D:2: 1187 daAuts
     D:4: 1016 daAuts
     D:1: 491 daAuts
     D:5: 335 daAuts
